 Dungeon Crawl Stone Soup version 0.29-a0-834-g1e95ca9f62 (webtiles) character file.

Game seed: 18040737098901813590

261 buhh the Insei (level 6, -2/42 HPs)
             Began as an Octopode Transmuter on July 12, 2022.
             Slain by a black bear (6 damage)
             ... on level 4 of the Dungeon.
             The game lasted 00:02:32 (4228 turns).

buhh the Insei (Octopode Transmuter)                Turns: 4228, Time: 00:02:33

Health: -2/42      AC:  1    Str:  9    XL:     6   Next: 18%
Magic:  8/9        EV: 14    Int: 17    God:
Gold:   239        SH:  0    Dex: 13    Spells: 3/9 levels left

rFire   . . .      SeeInvis .     - Unarmed
rCold   . . .      Faith    .   (no shield)
rNeg    . . .      Spirit   .   (helmet restricted)
rPois   .          Reflect  .   (no amulet)
rElec   .          Harm     .   (no ring)
rCorr   .          Rampage  .   (no ring)
Will    .....                   (no ring)
Stlth   +++.......              (no ring)
HPRegen 0.14/turn               (no ring)
MPRegen 0.11/turn               (no ring)
                                (no ring)
                                (no ring)

@: no status effects
A: almost no armour, amphibious, 8 rings, camouflage 1, gelatinous body 1,
(nimble swimmer 1), tentacles
a: no special abilities


You were on level 4 of the Dungeon.
You visited 1 branch of the dungeon, and saw 4 of its levels.

You collected 239 gold pieces.

Inventory:

Missiles
 p - 6 poisoned darts
Wands
 g - a wand of polymorph (11)
Scrolls
 a - 4 scrolls of identify {!d}
 f - a scroll of summoning
 k - 2 scrolls of blinking {unknown}
 l - a scroll of poison {unknown}
 m - a scroll of noise {unknown}
 n - a scroll of fog {unknown}
 r - a scroll of vulnerability {unknown}
 s - a scroll of teleportation {unknown}
 t - a scroll of enchant weapon {unknown}
Potions
 b - a potion of curing {unknown}
 c - a potion of heal wounds {unknown}
 d - a potion of magic {unknown}
 e - a potion of flight {unknown}
 h - 3 potions of brilliance {unknown}
 i - a potion of might {unknown}
 j - a potion of degeneration {unknown}
 o - a potion of resistance {unknown}
 q - a potion of haste {unknown}


   Skills:
 + Level 3.2 Fighting
 + Level 3.7 Dodging
 - Level 2.0 Stealth
 + Level 4.4 Unarmed Combat
 - Level 2.0 Spellcasting
 - Level 2.0 Transmutations
 - Level 1.0 Poison Magic


You had 3 spell levels left.
You knew the following spells:

 Your Spells              Type           Power      Damage    Failure   Level
a - Beastly Appendage     Tmut           16%        N/A       9%          1
b - Wereblood             Tmut           8%         N/A       13%         2
c - Spider Form           Tmut/Pois      6%         N/A       30%         3

Your spell library contained the following spells:

 Spells                   Type           Power      Damage    Failure   Level
 Ice Form                 Ice/Tmut       5%         N/A       77%         4


Dungeon Overview and Level Annotations

Branches:
Dungeon (4/15) Zot: 19783
 Temple: D:4-7

Altars:
Trog
Uskayaw


Innate Abilities, Weirdness & Mutations

You cannot wear most types of armour.
You are amphibious.
You can wear up to eight rings at the same time.
Your skin changes colour to match your surroundings (Stealth+).
Your rubbery body absorbs attacks. (AC +1, EV +1)
((You are camouflaged when in or above water. (Stealth+)))
You have tentacles for arms and can constrict up to eight enemies at once.


Message History

You bite Natasha!
You kill Natasha!
Natasha growls in agony!
You hit the black bear.
The black bear is poisoned.
The black bear is lightly wounded.
You hit the black bear but do no damage.
The black bear looks even sicker.
The black bear is lightly wounded.
The black bear completely misses you. The black bear claws you.
The black bear claws you but does no damage.
You hit the black bear.
The black bear looks as sick as possible!
The black bear is heavily wounded.
Your transformation has ended.
The black bear bites you. The black bear barely misses you.
The black bear claws you.
You closely miss the black bear. Your grab misses the black bear.
The black bear is heavily wounded.
The black bear bites you. The black bear claws you. x2
* * * LOW HITPOINT WARNING * * *
You tentacle-slap the black bear. You grab the black bear.
The black bear is severely wounded.
You constrict the black bear, but do no damage.
The black bear goes berserk!
You tentacle-slap the black bear but do no damage.
The black bear is severely wounded.
You constrict the black bear. The black bear closely misses you.
The black bear claws you.
* * * LOW HITPOINT WARNING * * *
The black bear claws you but does no damage.
You tentacle-slap the black bear.
The black bear is almost dead.
You constrict the black bear.
The black bear bites you but does no damage.
The black bear claws you.
* * * LOW HITPOINT WARNING * * *
The black bear misses you. The black bear bites you.
* * * LOW HITPOINT WARNING * * *
The black bear claws you.
You die...

#. #. #. #.
#.
######.##
........#
##### #h#
##...###@#
##⌠.>.⌠##.#
#.......#.#
#.<.⌠.....#
#...†...###
##⌠.<.⌠##
##...##
#####


You could see a black bear (berserk, very poisoned).

Vanquished Creatures
  A scorpion (D:3)
  Jessica (D:2)
  Natasha (D:4)
  Terence (D:2)
  3 adders
  A worm (D:2)
  2 dart slugs
  5 ball pythons
  5 endoplasms
  5 giant cockroaches
  8 goblins
  5 hobgoblins
  15 jackals
  9 kobolds
  5 quokkas
  8 bats
  6 frilled lizards
  7 rats
88 creatures vanquished.

Notes
Turn   | Place    | Note
-------+----------+-------------------------------------------
     0 | D:1      | buhh the Octopode Transmuter began the quest for the Orb.
     0 | D:1      | Reached XP level 1. HP: 13/13 MP: 3/3
   195 | D:1      | Reached skill level 1 in Stealth
   197 | D:1      | Reached skill level 1 in Poison Magic
   197 | D:1      | Reached XP level 2. HP: 9/18 MP: 5/5
   761 | D:1      | Reached XP level 3. HP: 23/23 MP: 4/6
   788 | D:1      | Found a faded altar of an unknown god.
  1861 | D:2      | Reached XP level 4. HP: 25/29 MP: 5/7
  2157 | D:2      | Noticed Jessica
  2164 | D:2      | Killed Jessica
  2726 | D:2      | Noticed Terence
  2733 | D:2      | Killed Terence
  2734 | D:2      | Reached XP level 5. HP: 25/35 MP: 6/8
  3013 | D:3      | Reached skill level 4 in Unarmed Combat
  3390 | D:3      | Found a hide-covered altar of Uskayaw.
  3760 | D:3      | Found a bloodstained altar of Trog.
  4060 | D:4      | Reached XP level 6. HP: 42/42 MP: 9/9
  4112 | D:4      | Noticed a black bear
  4117 | D:4      | Learned a level 2 spell: Wereblood
  4121 | D:4      | Learned a level 3 spell: Spider Form
  4211 | D:4      | Noticed Natasha
  4221 | D:4      | Killed Natasha
  4228 | D:4      | Slain by a black bear

Illustrated notes

Levels and vault maps discovered:
D:1:      amcnicky_arrival_flooded_fountain, layout_loops_ring,
          dreamdust_ecumenical_altar_statues
D:2:      layout_basic, uniq_jessica, uniq_terence
D:3:      layout_loops_ring, eat_drink_and_be_merry_uskayaw,
          overflow_temple_1_default
D:4:      layout_loops_ring, portal_sewer_entry_e, st_stairs_4,
          grunt_ministairs_7, nicolae_shop_gadgets, uniq_natasha

Skill      XL: |  1  2  3  4  5 |
---------------+----------------+-----
Stealth        | 1 2 |  2.0
Poison Magic   | 1 |  1.0
Fighting       | 2 3 |  3.2
Dodging        | 3 |  3.7
Unarmed Combat | 4 |  4.4
Spellcasting   | |  2.0
Transmutations | |  2.0

Action                   |  1- 3 |  4- 6 || total
-------------------------+-------+-------++-------
Melee: Unarmed           |   102 |    98 ||   200
       Constrict         |    24 |    26 ||    50
       Tentacles         |    13 |    19 ||    32
       Kick              |    15 |    20 ||    35
       Punch             |       |     3 ||     3
 Cast: Beastly Appendage |    27 |    23 ||    50
       Spider Form       |       |     1 ||     1
  Use: Potion            |     1 |       ||     1
       Scroll            |     1 |       ||     1
 Stab: Sleeping          |     9 |     7 ||    16
Armor: Skin              |    19 |    10 ||    29
Dodge: Dodged            |    59 |    65 ||   124

Table legend: (Time is in decaauts)
 A = Elapsed time spent in this place.
 B = Non-inter-level travel time spent in this place.
 C = Inter-level travel time spent in this place.
 D = Time resting spent in this place.
 E = Time spent auto-exploring this place.
 F = Levels seen in this place.
 G = Mean time per level.
                   A        B        C        D        E       F      G
               +--------+--------+--------+--------+--------+-----+--------+
         Total |   4215 |   4132 |     83 |    132 |   3448 |   4 | 1053.8 |
       Dungeon |   4215 |   4132 |     83 |    132 |   3448 |   4 | 1053.8 |
               +--------+--------+--------+--------+--------+-----+--------+

Top non-repeatable levels by time:
     D:1: 1628 daAuts
     D:2: 1274 daAuts
     D:3: 1143 daAuts
     D:4: 169 daAuts
